 Dungeon Crawl Stone Soup version 0.31-a0-261-g072fdb8a1f (webtiles) character file.

Game seed: 11461456343295888796

44 gruber the Ruffian (level 3, 0/33 HPs)
             Began as a Troll Shapeshifter on July 13, 2023.
             Killed from afar by Sigmund (5 damage)
             ... with a magic dart
             ... on level 2 of the Dungeon.
             The game lasted 00:00:54 (791 turns).

gruber the Ruffian (Troll Shapeshifter)              Turns: 791, Time: 00:00:55

Health: 0/33       AC:  4    Str: 25    XL:     3   Next: 39%
Magic:  2/2        EV:  9    Int:  4    God:
Gold:   32         SH:  0    Dex: 10    Spells: 2/2 levels left

rFire   . .          .
                       - Unarmed
rCold   . . .        (no shield)
rNeg    . . .        a - +0 animal skin
rPois   .            (helmet currently unavailable)
rElec   .            (cloak currently unavailable)
rCorr   .            (gloves unavailable)
SInv    .            (boots unavailable)
Will    .....        (no amulet)
Stlth   +            (no ring)
HPRegen 1.05/turn    (no ring)
MPRegen 0.08/turn

%: no passive effects
@: beast-form
A: beast (slay +2), large, unfitting armour, claws 3, regeneration 1, shaggy fur
1, tough skin 1
a: Begin Untransformation


You were on level 2 of the Dungeon.
You were a hulking beast.
You visited 1 branch of the dungeon, and saw 2 of its levels.

You collected 32 gold pieces.

Inventory:

Armour
 a - a +0 animal skin (worn)
Talismans
 c - a beast talisman
Scrolls
 e - a scroll of blinking {unknown}
 f - 2 scrolls of teleportation {unknown}
 h - a scroll of poison {unknown}
 j - a scroll of identify {unknown}
Potions
 b - a potion of lignification
 d - a potion of haste {unknown}
 g - 2 potions of might {unknown}
 i - a potion of degeneration {unknown}


   Skills:
 - Level 1.5 Fighting
 - Level 1.5 Dodging
 + Level 3.9 Unarmed Combat
 - Level 3.0 Shapeshifting


You had 2 spell levels left.
You didn't know any spells.
Your spell library was empty.

Dungeon Overview and Level Annotations

Branches:
Dungeon (2/15)

Altars:
Okawaru

Shops:
D:1 *=

Annotations:
D:2 Sigmund


Innate Abilities, Weirdness & Mutations

You are a hulking beast.
Your limbs bulge with bestial killing power. (Slay +2)
You are too large for most types of armour.
You have claws for hands.
Your natural rate of healing is unusually fast.
You are covered in fur. (AC +1)
You have tough skin. (AC +1)


Message History

You see here a hobgoblin corpse.
A hobgoblin is nearby!
A hobgoblin is nearby!
You closely miss the hobgoblin. The hobgoblin barely misses you.
You barely miss the hobgoblin.
The hobgoblin hits you but does no damage.
You barely miss the hobgoblin. The hobgoblin hits you.
You scratch the hobgoblin.
You kill the hobgoblin!
No target in view!
No target in view!
No target in view!
No target in view!
No target in view!
No target in view!
g - 2 fizzy silvery potions (gained 1)
You see here a hobgoblin corpse.
Things that are here:
a +0 whip; 6 poisoned darts; a kobold corpse
There is a stone staircase leading down here.
j - a scroll labelled QUXYUS IMEECS Sigmund the Dreaded comes into view.
He is wielding a +0 scythe.
Sigmund shouts!
Sigmund is nearby!
Sigmund is nearby!
Sigmund gestures at you while chanting. The puff of flame hits you!
Sigmund hits you from afar with a +0 scythe!
You are too injured to fight recklessly!
You are too injured to fight recklessly!
You are too injured to fight recklessly!
Sigmund hits you with a +0 scythe!
* * * LOW HITPOINT WARNING * * *
You claw Sigmund!
Sigmund is moderately wounded.
You scratch Sigmund.
Sigmund is heavily wounded.
Sigmund casts a spell at you. The magic dart hits you.
You die...

.#.....#..#.
.#.....#...# .. ..
#.#...#.#... .###.
...#.#...#.. .....
............ ... ....
..##†)..###. ... .....
..##.†.## #.# ...#
####<..# #@#....#
#####.## #h#....#
.......### #.#....##
####.....# #.......#
####.....# #.......#
#........# #.#......
#.##.._..# #.#####.#
.........# #.#####.##
..##.....# #.........
########.########.######


You could see Sigmund.

Vanquished Creatures
  3 endoplasms (D:1)
  4 goblins
  6 hobgoblins
  4 jackals (D:1)
  2 kobolds
  3 quokkas (D:1)
  4 ball pythons (D:1)
  4 bats
  5 frilled lizards
  4 rats
39 creatures vanquished.

Notes
Turn   | Place    | Note
-------+----------+-------------------------------------------
     0 | D:1      | gruber the Troll Shapeshifter began the quest for the Orb.
     0 | D:1      | Reached XP level 1. HP: 19/19 MP: 0/0
     3 | D:1      | Found Cilarap's Jewellery Boutique.
    47 | D:1      | Reached XP level 2. HP: 23/27 MP: 1/1
   519 | D:1      | Reached XP level 3. HP: 33/33 MP: 2/2
   571 | D:2      | Found an iron altar of Okawaru.
   785 | D:2      | Noticed Sigmund
   791 | D:2      | Killed from afar by Sigmund

Illustrated notes

Levels and vault maps discovered:
D:1:      dpeg_arrival_tiny_a, layout_basic, serial_shops, shop,
          nicolae_shop_gaudy_bauble
D:2:      minmay_door_path, layout_loops_cross, basic_altar,
          chequers_serial_rivers_micro_b, minmay_splitting_lines,
          serial_park_tiny_1, uniq_robin, uniq_sigmund

Skill      XL: |  1  2 |
---------------+-------+-----
Unarmed Combat | 3 |  3.9
Fighting       | |  1.5
Dodging        | |  1.5
Shapeshifting  | |  3.0

Action                     || total
---------------------------++-------
  Melee: Unarmed           ||    86
         Punch             ||     1
 Armour: Animal skin       ||    28
  Dodge: Dodged            ||    38

Table legend: (Time is in decaauts)
 A = Elapsed time spent in this place.
 B = Non-inter-level travel time spent in this place.
 C = Inter-level travel time spent in this place.
 D = Time resting spent in this place.
 E = Time spent auto-exploring this place.
 F = Levels seen in this place.
 G = Mean time per level.
                   A        B        C        D        E       F      G
               +--------+--------+--------+--------+--------+-----+--------+
         Total |    785 |    753 |     32 |      0 |    573 |   2 |  392.5 |
       Dungeon |    785 |    753 |     32 |      0 |    573 |   2 |  392.5 |
               +--------+--------+--------+--------+--------+-----+--------+

Top non-repeatable levels by time:
     D:1: 567 daAuts
     D:2: 218 daAuts
